 Dungeon Crawl Stone Soup version 0.31.0-9-g3a7656b989 (webtiles) character file.

Game seed: 8524762179876579974

230 qw the Shooter (level 5, -2/26 HPs)
             Began as a Spriggan Hunter on Feb 2, 2024.
             Slain by a crocodile (14 damage)
             ... in a sewer.
             The game lasted 00:00:08 (1856 turns).

qw the Shooter (Spriggan Hunter)                    Turns: 1856, Time: 00:00:08

Health: -2/26      AC:  3    Str:  7    XL:     5   Next: 72%
Magic:  6/6        EV: 20    Int: 10    God:
Gold:   37         SH:  0    Dex: 21    Spells: 4/4 levels left

rFire   . . .        i - +0 arbalest
rCold   . . .        (shield currently unavailable)
rNeg    . . .        c - +1 robe
rPois   +            (helmet restricted)
rElec   .            (no cloak)
rCorr   .            (gloves unavailable)
SInv    +            (boots unavailable)
Will    .....        (no amulet)
Stlth   ++           g - ring of poison resistance
HPRegen 0.24/turn    (no ring)
MPRegen 0.10/turn

%: no passive effects
@: very quick
A: very small, no large weapons, unfitting armour, see invisible, speed 3
a: no special abilities


You were in a sewer.
You visited 1 branch of the dungeon, and saw 3 of its levels.
You also visited: Sewer.

You collected 119 gold pieces.
You spent 82 gold pieces at shops.


Innate Abilities, Weirdness & Mutations

You are very small and have problems with some larger weapons.
You are too small for most types of armour.
You have supernaturally acute eyesight. (SInv)
You cover ground extremely quickly. (Speed+++)


   Skills:
 - Level 2.0 Fighting
 - Level 6.0 Ranged Weapons
 + Level 5.1 Dodging
 - Level 1.5 Stealth


You had 4 spell levels left.
You didn't know any spells.
Your spell library was empty.

Inventory:

Hand Weapons
 i - a +0 arbalest (weapon)
Armour
 c - a +1 robe (worn)
Jewellery
 g - a ring of poison resistance (left hand)
Potions
 b - 3 potions of might {unknown}
 d - a potion of curing
 e - a potion of cancellation
 h - a potion of resistance
 j - a potion of haste {unknown}

Dungeon Overview and Level Annotations

Branches:
Dungeon (3/15)              Sewer (1/1)

Altars:
Cheibriados

Shops:
D:2 :*


Message History

You enter the shallow water.
Moving in this stuff is going to be slow.
Partly explored, can't reach some places.
Partly explored, can't reach some places.
1846 ||| READING scroll labelled SAPRAT WOAZEMU.
Blink to where?
Press: ? - help, Dir - move target, f - you
As you read the scroll labelled SAPRAT WOAZEMU, it crumbles to dust.
It was a scroll of blinking.
Partly explored, can't reach some places.
1847 ||| READING scroll labelled DOQALIQEAK.
As you read the scroll labelled DOQALIQEAK, it crumbles to dust.
It is a scroll of enchant armour.
1847 ||| ENCHANTING +0 robe.
Your +0 robe glows green for a moment.
Partly explored, can't reach some places.
1848 ||| READING scroll labelled ZIARICK OLORI.
As you read the scroll labelled ZIARICK OLORI, it crumbles to dust.
You feel strangely unstable.
It was a scroll of teleportation.
You start waiting.
Your surroundings suddenly seem different.
Splash!
You fall into the shallow water.
Moving in this stuff is going to be slow.
A crocodile comes into view.
Found four items.
Found a gate leading back out of this place.
You shoot a bolt. The bolt barely misses the crocodile.
The crocodile bites you!
Ouch! That really hurt!
The crocodile drags you backwards!
You shoot a bolt. The bolt hits the crocodile.
The crocodile is lightly wounded.
The crocodile misses you. The crocodile closely misses you.
You shoot a bolt. The bolt hits the crocodile!
The crocodile is moderately wounded.
The crocodile bites you. The crocodile drags you backwards!
You shoot a bolt. The bolt barely misses the crocodile.
The crocodile bites you!
Ouch! That really hurt!
You die...

##### ##~## ##~## ##.## #~..##
##%.~## ##.~.## ##~~.#
..~..####.\~~~#####~...~####.~~..
.....~~~~..\.~~~~~~~..~.~~~~.....
.....####...~.#####~.~..####~..~.
#~~~## ##.~.#######.~~## ##.~.#
##~## ##~####.####~## ##~## #~#
#~###~?.###~# #)# #~#
#~##~!@l~~~~# #~# #~#
#~###.!.###~# #~# ##~##
##~####.####~## ##~## #~..##
##~~.#######~~.## ##...#
.....####~....#####~....####~..~.
...~.~~~~.~..~~~~~~~.\..~~~~...~.
~..~~####~..?~#####~~.~.####~~..~
#.~.## ##...## ##...## ##.~~#
##### ##~## ##~## #####


You could see a crocodile.

Vanquished Creatures
  Terence (D:3)
  4 gnolls (D:2)
  6 adders
  3 river rats
  A ribbon worm (Sewer)
  4 dart slugs
  12 ball pythons
  3 bats
  8 endoplasms
  A giant cockroach (D:1)
  5 goblins (D:1)
  4 hobgoblins
  4 jackals (D:1)
  3 quokkas
  3 frilled lizards (D:1)
  10 kobolds
  8 rats
80 creatures vanquished.

Notes
Turn   | Place    | Note
-------+----------+-------------------------------------------
     0 | D:1      | qw the Spriggan Hunter began the quest for the Orb.
     0 | D:1      | Reached XP level 1. HP: 10/10 MP: 2/2
     0 | D:1      | 0 ||| qw: Version: 0.3-a-155-g5e7d8dd
     0 | D:1      | 0 ||| qw: Game counter: 1900
     0 | D:1      | 0 ||| qw: Melee chars always use a shield: true
     0 | D:1      | 0 ||| qw: God list: Okawaru
     0 | D:1      | 0 ||| qw: Allow faded altars: false
     0 | D:1      | 0 ||| qw: Do Orc after clearing Dungeon:15 true
     0 | D:1      | 0 ||| qw: Do second Lair branch before Depths: true
     0 | D:1      | 0 ||| qw: Lair rune preference: random
     0 | D:1      | 0 ||| qw: Goals: Normal
     0 | D:1      | 0 ||| PLANNING D:1-11
    30 | D:1      | Reached skill level 3 in Dodging
    60 | D:1      | Reached XP level 2. HP: 11/14 MP: 3/3
   270 | D:1      | Reached XP level 3. HP: 18/18 MP: 4/4
   473 | D:1      | 473 ||| DROPPING scroll of butterflies.
   585 | D:2      | Reached skill level 5 in Ranged Weapons
   585 | D:2      | Reached XP level 4. HP: 22/22 MP: 5/5
   802 | D:2      | Found Urhotira's Book Boutique.
   842 | D:2      | Found Sicudeoch's General Store.
   853 | D:2      | 853 ||| BUYING scroll of enchant weapon (82 gold).
   853 | D:2      | Bought a scroll of enchant weapon for 82 gold pieces
   853 | D:2      | 853 ||| SHOPLISTING scroll of identify (22 gold, have 3).
   853 | D:2      | 853 ||| READING scroll of enchant weapon.
   853 | D:2      | 853 ||| ENCHANTING +0 shortbow.
  1392 | D:2      | 1392 ||| DROPPING ring of magical power.
  1393 | D:2      | 1393 ||| UPGRADING to ring of poison resistance.
  1394 | D:2      | 1394 ||| READING 2 scrolls labelled EQOICZ USUSK.
  1394 | D:2      | 1394 ||| IDENTIFYING cyan potion
  1395 | D:2      | 1395 ||| READING scroll of identify.
  1395 | D:2      | 1395 ||| IDENTIFYING smoky amethyst potion
  1396 | D:2      | 1396 ||| READING scroll labelled LUKHLE CESTEGH.
  1397 | D:2      | 1397 ||| DRINKING 2 blue potions.
  1475 | D:3      | 1475 ||| PLANNING SEWER
  1550 | D:3      | Found a snail-covered altar of Cheibriados.
  1556 | D:3      | Noticed Terence
  1566 | D:3      | Killed Terence
  1567 | D:3      | Reached XP level 5. HP: 18/26 MP: 6/6
  1610 | D:3      | Found a glowing drain.
  1611 | D:3      | 1611 ||| SWAPPING to +0 arbalest.
  1612 | D:3      | 1612 ||| DROPPING +1 shortbow.
  1613 | D:3      | 1613 ||| READING scroll labelled AGURCH PEFIRR.
  1614 | D:3      | 1614 ||| READING scroll labelled DOGIFONUINEA.
  1654 | Sewer    | Entered a sewer
  1794 | Sewer    | Reached skill level 6 in Ranged Weapons
  1846 | Sewer    | 1846 ||| READING scroll labelled SAPRAT WOAZEMU.
  1847 | Sewer    | 1847 ||| READING scroll labelled DOQALIQEAK.
  1847 | Sewer    | 1847 ||| ENCHANTING +0 robe.
  1848 | Sewer    | 1848 ||| READING scroll labelled ZIARICK OLORI.
  1852 | Sewer    | Noticed a crocodile
  1856 | Sewer    | Slain by a crocodile

Levels and vault maps discovered:
D:1:      kennysheep_arrival_forest, layout_rooms
D:2:      layout_basic, serial_shops, shop, shop
D:3:      layout_loops_ring, kennysheep_slug_shrine, portal_sewer_entry_c,
          uniq_ijyb, uniq_terence
Sewer:    sewer_co_15_rooms

Skill      XL: |  1  2  3  4  5 |
---------------+----------------+-----
Dodging        | 3 4 5 |  5.1
Ranged Weapons | 5 6 |  6.0
Fighting       | 2 |  2.0
Stealth        | |  1.5

Action                     |  1- 3 |  4- 6 || total
---------------------------+-------+-------++-------
   Fire: Shortbow          |    90 |    71 ||   161
         Arbalest          |       |    55 ||    55
    Use: Scroll            |       |     9 ||     9
         Potion            |       |     1 ||     1
 Armour: Robe              |    21 |    10 ||    31
  Dodge: Dodged            |    36 |    58 ||    94

Table legend:
 A = Non-vault XP
 B = Vault XP
 C = Vault XP percentage of total XP
 D = Non-vault monster count
 E = Vault monster count
 F = Vault count percentage of total count
                 A         B        C        D         E       F
            +---------+---------+-------+---------+---------+-------
      Total |     190 |     139 |  42.2 |      57 |      23 |  28.8
            +---------+---------+-------+---------+---------+-------
        D:1 |      56 |       0 |   0.0 |      30 |       0 |   0.0
        D:2 |     120 |       0 |   0.0 |      20 |       0 |   0.0
        D:3 |      14 |      65 |  82.3 |       7 |       6 |  46.2
      Sewer |       0 |      74 | 100.0 |       0 |      17 | 100.0
            +---------+---------+-------+---------+---------+-------
